 Dungeon Crawl Stone Soup version 0.29-a0-1047-g7c58e119a4 (webtiles) character file.

Game seed: 15993677945467993123

28 Spectrina the Magician (level 3, 0/26 HPs)
             Began as a Djinni Venom Mage on Aug 16, 2022.
             Slain by a goblin
             ... wielding a +0 club
              (1 damage)
             ... on level 1 of the Dungeon.
             The game lasted 00:04:30 (475 turns).

Spectrina the Magician (Djinni Venom Mage)           Turns: 475, Time: 00:04:31

Health: 0/26       AC:  5    Str: 13    XL:     3   Next: 30%
Gold:   37         EV: 12    Int: 18    God:
                   SH:  0    Dex: 13

rFire   + + .      SeeInvis .   (no weapon)
rCold   . . .      Faith    .   (no shield)
rNeg    . . .      Spirit   .   e - +0 leather armour {rC+}
rPois   ∞          Reflect  .   (no helmet)
rElec   .          Harm     .   (no cloak)
rCorr   .          Rampage  .   b - +1 pair of gloves
Will    .....                   (boots unavailable)
Stlth   ++........              (no amulet)
HPRegen 0.08/turn               c - +6 ring of strength
MPRegen 0.00/turn               (no ring)

@: attractive, flying
A: sickness immunity, fire resistance 2, cold vulnerability 1, float, innate
caster, HP casting, extra vitality 1
a: no special abilities


You were on level 1 of the Dungeon.
You visited 1 branch of the dungeon, and saw 3 of its levels.

You collected 37 gold pieces.

Inventory:

Missiles
 h - 5 poisoned darts (quivered)
Armour
 a - a +0 robe
 b - a +1 pair of gloves (worn)
 e - a +0 leather armour of cold resistance (worn)
Jewellery
 c - a +6 ring of strength (left hand)


   Skills:
 + Level 0.7 Fighting
 + Level 2.5 Dodging
 + Level 1.8 Stealth
 + Level 2.5 Spellcasting
 + Level 0.7 Invocations
 + Level 1.0 Evocations


You couldn't memorise any spells.
You knew the following spells:

 Your Spells              Type           Power      Damage    Failure   Level
a - Sting                 Tmut/Pois      44%        1d5       8%          1
l - Mephitic Cloud        Conj/Pois/Air  11%        N/A       22%         3
q - Poisonous Vapours     Pois/Air       22%        N/A       12%         2
w - Olgreb's Toxic Radia  Pois           11%        N/A       58%         4
x - Apportation           Tloc           22%        N/A       8%          1
Your spell library was empty.

Dungeon Overview and Level Annotations

Branches:
Dungeon (3/15)

Altars:

Shops:
D:1 [


Innate Abilities, Weirdness & Mutations

You are immune to sickness and miasma.
You are immune to poison.
Your flesh is very heat resistant. (rF++)
You are vulnerable to cold. (rC-)
You float through the air rather than walking.
You learn spells naturally, not from books.
Your magical power is your life essence.
You have superior vitality. (+4 MHP)


Message History

Unknown command.
Casting: Sting (safe; 8% risk of failure)
Confirm with . or Enter, or press ? or * to list all spells.
Aiming: Sting (safe; 8% risk of failure)
Press: ? - help, Shift-Dir - straight line, f/p - kobold
Aim: a kobold, wielding a +0 dagger (64% to hit)
The sting hits the kobold but does no damage.
The kobold is poisoned.
* * * LOW HITPOINT WARNING * * *
The kobold hits you but does no damage.
Unknown command.
Okay, then.
Unknown command.
As you read the scroll labelled ZOABLE GINETA, it crumbles to dust.
It is a scroll of enchant armour.
Your +0 pair of gloves glows green for a moment.
The kobold hits you but does no damage.
Unknown command.
Casting: Sting (safe; 8% risk of failure)
Confirm with . or Enter, or press ? or * to list all spells.
Aiming: Sting (safe; 8% risk of failure)
Press: ? - help, Shift-Dir - straight line, f/p - kobold
Aim: a kobold, wielding a +0 dagger (poisoned, 64% to hit)
The sting hits the kobold.
The kobold looks even sicker.
The kobold is moderately wounded.
* * * LOW HITPOINT WARNING * * *
The kobold hits you but does no damage.
A goblin comes into view. It is wielding a +0 club.
The goblin is attracted toward you.
Unknown command.
Unknown command.
The air fills with toxic fumes!
As you read the scroll labelled LOUKUK XOGISITZOEC, it crumbles to dust.
It was a scroll of poison.
The goblin shouts!
You kill the kobold!
The goblin is attracted toward you.
Your magical contamination has completely faded away.
The goblin attacks as you move away! The goblin hits you with a +0 club.
You die...

.........# #.☼♣§♣.♣∩.∩.♣
..§§§§§§§# #.§.§.♣♣.♣.♣.
###§§§§§# #.§§###♣.♣♣..
#§§§.§§§# #.§○# #......
#§§§§§§§# #...###.##.##
#§§§§§§§# #....##.##...
..§#§§§§)####§§#.##.##.##
..§§§§§§§g§§§§§#.##.##...
...#.##§@§###.##.##.##...
...#. #§§§# #.##....)....
## #. #§§§# #.##∩##.##...
#§§§# #.##..#.##...
#.##§§§###.###>#.##...
#..§§§§§...###...##...
####§§§##......####...
#...##..##### #...
#...##..# ####


You could see a goblin.

Vanquished Creatures
  A gnoll (D:1)
  A worm (D:2)
  A goblin (D:2)
  2 hobgoblins
  5 kobolds
  3 ball pythons
  A bat (D:2)
  A frilled lizard (D:1)
  4 rats
19 creatures vanquished.

Notes
Turn   | Place    | Note
-------+----------+-------------------------------------------
     0 | D:1      | Spectrina the Djinni Venom Mage began the quest for the
                  | Orb.
     0 | D:1      | Spectrina set off with the following spells memorised:
                  | Sting, Poisonous Vapours, Mephitic Cloud, Olgreb's Toxic
                  | Radiance.
     0 | D:1      | Reached XP level 1. HP: 15/15 MP: 0/0
    11 | D:1      | Found Ireaq's Antique Armour Boutique.
    62 | D:1      | Found a faded altar of an unknown god.
   125 | D:1      | Reached XP level 2. HP: 3/22 MP: 0/0
   285 | D:2      | Reached XP level 3. HP: 4/26 MP: 0/0
   285 | D:2      | Learned a level 1 spell: Apportation
   421 | D:2      | Reached skill level 1 in Evocations
   475 | D:1      | Slain by a goblin

Illustrated notes

Levels and vault maps discovered:
D:1:      heliophobic_arrival_enchanted_forest, layout_basic, serial_shops,
          shop, basic_ecumenical_altar
D:2:      layout_basic, uniq_natasha
D:3:      layout_basic, biasface_ghost_orc_armoury, uniq_jessica, uniq_ijyb,
          uniq_sigmund

Skill      XL: |  1  2  3 |
---------------+----------+-----
Evocations     | 1 |  1.0
Fighting       | |  0.7
Dodging        | |  2.5
Stealth        | |  1.8
Spellcasting   | |  2.5
Invocations    | |  0.7

Action                   || total
-------------------------++-------
Melee: Unarmed           ||     4
Throw: Dart              ||     4
 Cast: Sting             ||    32
       Poisonous Vapours ||     1
  Use: Scroll            ||     2
       Potion            ||     1
Armor: Leather armour    ||     3
Dodge: Dodged            ||     8

Table legend: (Time is in decaauts)
 A = Elapsed time spent in this place.
 B = Non-inter-level travel time spent in this place.
 C = Inter-level travel time spent in this place.
 D = Time resting spent in this place.
 E = Time spent auto-exploring this place.
 F = Levels seen in this place.
 G = Mean time per level.
                   A        B        C        D        E       F      G
               +--------+--------+--------+--------+--------+-----+--------+
         Total |    474 |    453 |     21 |      0 |      0 |   3 |  158.0 |
       Dungeon |    474 |    453 |     21 |      0 |      0 |   3 |  158.0 |
               +--------+--------+--------+--------+--------+-----+--------+

Top non-repeatable levels by time:
     D:1: 265 daAuts
     D:2: 206 daAuts
     D:3: 1 daAuts
